 Dungeon Crawl Stone Soup version 0.30-a0-739-gea05faddec (webtiles) character file.

Game seed: 12352691064847937078

1933 kingofthe the Chopper (level 9, -9/66 HPs)
             Began as a Gnoll Chaos Knight on Feb 4, 2023.
             Was a Plaything of Xom.
             Mangled by an orc warrior
             ... wielding a +0 battleaxe
              (20 damage)
             ... on level 6 of the Dungeon.
             The game lasted 00:14:01 (5414 turns).

kingofthe the Chopper (Gnoll Chaos Knight)          Turns: 5414, Time: 00:14:02

Health: -9/66      AC:  7    Str: 12      XL:     9   Next: 17%
Magic:  15/15      EV: 13    Int: 16      God:    Xom [..*...]
Gold:   293        SH:  5    Dex: 18 (19) Spells: 15/16 levels left

rFire   . . .      SeeInvis .    a - +1 trident (venom)
rCold   . . .      Faith    .    A - +0 buckler
rNeg    . . .      Spirit   .    l - +2 leather armour
rPois   .          Reflect  .    s - +0 helmet
rElec   .          Harm     .    (no cloak)
rCorr   .          Rampage  .    (no gloves)
Will    .....                    (no boots)
Stlth   +++                      (no amulet)
HPRegen 0.31/turn                w - +6 ring of dexterity
MPRegen 0.14/turn                (no ring)

@: no status effects
A: fangs 1, strong nose, distributed training, clever 1, deterioration 2, frail
1, screaming 1
a: Renounce Religion


You were on level 6 of the Dungeon.
You worshipped Xom.
You were a toy of Xom.
You visited 1 branch of the dungeon, and saw 6 of its levels.

You collected 293 gold pieces.

Inventory:

Hand Weapons
 a - a +1 trident of venom (weapon)
 b - a +0 sling
 p - a +0 hand axe of chaos
 C - a +0 trident of protection
 E - a +5 long sword
 F - a +0 arbalest
 G - a +0 shortbow
Armour
 k - an orb of energy
 l - a +2 leather armour (worn)
 s - a +0 helmet (worn)
 A - a +0 buckler (worn)
Magical Staves
 h - a staff of poison
Jewellery
 w - a +6 ring of dexterity (left hand)
Scrolls
 d - a scroll of enchant weapon {unknown}
 e - a scroll of fear {unknown}
 g - 2 scrolls of magic mapping {unknown}
 m - 3 scrolls of fog {unknown}
 o - 2 scrolls of silence {unknown}
 q - a scroll of vulnerability {unknown}
 x - 7 scrolls of identify
 y - 3 scrolls of noise {unknown}
 z - 2 scrolls of teleportation {unknown}
 H - a scroll of immolation {unknown}
Potions
 f - a potion of might {unknown}
 i - 2 potions of lignification {unknown}
 j - 2 potions of resistance {unknown}
 n - 5 potions of heal wounds
 r - a potion of flight {unknown}
 t - 3 potions of curing {unknown}
 u - a potion of degeneration {unknown}
 v - a potion of ambrosia {unknown}
 B - 2 potions of berserk rage {unknown}
 D - a potion of attraction {unknown}
Miscellaneous
 c - a piece from Xom's chessboard (15/15) (quivered)


   Skills:
 + Level 7.8 Fighting
 + Level 4.1 Short Blades
 + Level 4.1 Long Blades
 + Level 7.8 Axes
 + Level 4.1 Maces & Flails
 + Level 4.1 Polearms
 + Level 4.1 Staves
 + Level 4.1 Ranged Weapons
 + Level 4.1 Throwing
 + Level 6.2 Armour
 + Level 4.9 Dodging
 + Level 4.1 Stealth
 + Level 4.1 Shields
 + Level 4.1 Unarmed Combat
 + Level 4.1 Spellcasting
 + Level 3.4 Conjurations
 + Level 3.4 Hexes
 + Level 3.4 Summonings
 + Level 3.4 Necromancy
 + Level 3.4 Translocations
 + Level 3.4 Transmutations
 + Level 3.4 Fire Magic
 + Level 3.4 Ice Magic
 + Level 3.4 Air Magic
 + Level 3.4 Earth Magic
 + Level 3.4 Poison Magic
 + Level 4.5 Invocations
 + Level 4.1 Evocations


You had 15 spell levels left.
You knew the following spells:

 Your Spells              Type           Power      Damage    Failure   Level
a - Apportation           Tloc           28%        N/A       7%          1

Your spell library contained the following spells:

 Spells                   Type           Power      Damage    Failure   Level
 Alistair's Intoxication  Tmut/Pois      9%         N/A       88%         5


Dungeon Overview and Level Annotations

Branches:
Dungeon (6/15)             Temple (0/1) D:6

Altars:
Ashenzari
Elyvilon
Fedhas
Kikubaaqudgha
Makhleb
Nemelex Xobeh
Trog
Xom

Shops:
D:2 :   D:6 =

Annotations:
D:5 3 runed translucent doors, Esekla's ghost, weakling OpDe; bchevrier's ghost, novice GnWn


Innate Abilities, Weirdness & Mutations

You have very sharp teeth.
Your uncanny sense of smell can sniff out nearby items.
Your experience applies equally to all skills.
Your mind is acute. (Int +4, Str/Dex -1)
Your body often deteriorates upon taking damage.
You are frail. (-10% HP)
You occasionally shout uncontrollably at your foes.


Message History

The sling bullet closely misses the orc.
You shoot a sling bullet. The sling bullet barely misses the orc.
You shoot a sling bullet. The sling bullet hits the orc.
You kill the orc!
Things that are here:
a +0 club; an orc corpse You see here a +0 dagger of flaming.
Your crimson imp blinks!
You shoot a sling bullet.
The sling bullet hits the orc priest but does no damage.
The orc priest mumbles some strange prayers to Beogh against you.
Beogh smites you!
Your +1 trident of venom begins to drip with poison!
a - a +1 trident of venom (weapon)
Reach: a) +1 trident (venom)
Press: ? - help, Dir - move target, f - you, p - orc priest
Okay, then.
You reach to attack!
You hit the orc warrior.
The orc warrior is poisoned.
The orc warrior is lightly wounded.
Xom grants you insight.
You detect creatures!
You puncture the orc warrior!
The orc warrior is heavily wounded.
You block the orc warrior's attack.
You hit the orc warrior but do no damage.
The orc warrior looks as sick as possible!
Your bite misses the orc warrior.
The orc warrior is heavily wounded.
The orc warrior hits you with a +0 battleaxe!
You block the orc priest's attack.
You hit the orc warrior.
The orc warrior looks as sick as possible!
You bite the orc warrior, but do no damage.
The orc warrior is heavily wounded.
The orc warrior hits you with a +0 battleaxe!!
* * * LOW HITPOINT WARNING * * *
The orc warrior hits your crimson imp with a +0 battleaxe!
Your crimson imp hits the orc warrior.
You block the orc priest's attack.
The orc warrior hits you with a +0 battleaxe!!
You die...

#.....# #.....#
#.....# #.....+
#.....#
###+##########.....##
....................#
..).............@5..#
...)...†.#.....oo#..#
.........#.......#..#
.........#.#...#.#5.#
........##.......#..#
........##.......#..#
.....>..##.#...#.#..#
........##.......#..#
∆
.####+####.......#..#


You could see an orc warrior (extremely poisoned, ally target), an orc priest
and a friendly crimson imp (summoned).

Vanquished Creatures
  An acid dragon (D:4)
  A water moccasin (D:5)
  4 black bears
  A sky beast (D:6)
  A centaur (D:5)
  2 phantoms (D:5)
  A bullfrog (D:6)
  A necrophage (D:3)
  A scorpion (D:5)
  3 wights (D:4)
  2 howler monkeys
  2 hounds
  2 jellies (D:6)
  3 iguanas
  An orc wizard (D:3)
  4 gnolls (D:5)
  6 adders
  An ufetubus (D:5)
  2 worms
  A dart slug (D:3)
  12 orcs
  5 endoplasms
  3 giant cockroaches
  8 goblins
  9 hobgoblins
  4 jackals
  8 kobolds
  A quokka (D:2)
  4 ball pythons
  8 bats
  2 frilled lizards (D:2)
  4 rats
108 creatures vanquished.

Vanquished Creatures (collateral kills)
  A black bear (D:6)
  A centaur (D:5)
  An orc priest (D:6)
  A quokka (D:4)
4 creatures vanquished.

Vanquished Creatures (others)
  A human (D:6)
1 creature vanquished.

Grand Total: 113 creatures vanquished

Notes
Turn   | Place    | Note
-------+----------+-------------------------------------------
     0 | D:1      | kingofthe the Gnoll Chaos Knight began the quest for the
                  | Orb.
     0 | D:1      | Reached XP level 1. HP: 23/23 MP: 1/1
    47 | D:1      | XOM: silly message
   159 | D:1      | XOM: silly message
   241 | D:1      | Reached XP level 2. HP: 21/29 MP: 2/2
   523 | D:1      | Reached XP level 3. HP: 35/35 MP: 3/3
   744 | D:2      | XOM: stealth player
   847 | D:2      | Reached skill level 1 in Invocations
  1055 | D:2      | Found Bumporiq's Vocational Training.
  1240 | D:2      | Reached skill level 1 in Short Blades
  1240 | D:2      | Reached skill level 1 in Long Blades
  1240 | D:2      | Reached skill level 1 in Maces & Flails
  1240 | D:2      | Reached skill level 1 in Polearms
  1240 | D:2      | Reached skill level 1 in Staves
  1240 | D:2      | Reached skill level 1 in Ranged Weapons
  1240 | D:2      | Reached skill level 1 in Throwing
  1240 | D:2      | Reached skill level 1 in Stealth
  1240 | D:2      | Reached skill level 1 in Shields
  1240 | D:2      | Reached skill level 1 in Unarmed Combat
  1240 | D:2      | Reached skill level 1 in Spellcasting
  1240 | D:2      | Reached skill level 1 in Evocations
  1310 | D:2      | XOM: scenery: summon butterflies
  1429 | D:3      | XOM: scenery: summon butterflies
  1440 | D:3      | Reached XP level 4. HP: 40/41 MP: 5/5
  1516 | D:3      | XOM: give mutations
  1516 | D:3      | Gained mutation: Your body sometimes deteriorates upon
                  | taking damage. [Xom's mischief]
  1516 | D:3      | Gained mutation: You occasionally lose the ability to read
                  | scrolls when taking damage. [Xom's mischief]
  1516 | D:3      | Lost mutation: You occasionally lose the ability to read
                  | scrolls when taking damage. [Xom's mischief]
  1516 | D:3      | Gained mutation: You occasionally shout uncontrollably at
                  | your foes. [Xom's mischief]
  1550 | D:3      | Found a sparkling altar of Nemelex Xobeh.
  1623 | D:3      | Reached skill level 1 in Conjurations
  1623 | D:3      | Reached skill level 1 in Hexes
  1623 | D:3      | Reached skill level 1 in Summonings
  1623 | D:3      | Reached skill level 1 in Necromancy
  1623 | D:3      | Reached skill level 1 in Translocations
  1623 | D:3      | Reached skill level 1 in Transmutations
  1623 | D:3      | Reached skill level 1 in Fire Magic
  1623 | D:3      | Reached skill level 1 in Ice Magic
  1623 | D:3      | Reached skill level 1 in Air Magic
  1623 | D:3      | Reached skill level 1 in Earth Magic
  1623 | D:3      | Reached skill level 1 in Poison Magic
  1728 | D:3      | Learned a level 1 spell: Apportation
  1732 | D:3      | XOM: silly message
  1742 | D:3      | Found a burning altar of Makhleb.
  1766 | D:3      | You fall into a shaft and drop 2 floors!
  1766 | D:5      | Entered Level 5 of the Dungeon
  1787 | D:4      | XOM: 1-stop teleportation journey
  1791 | D:4      | Reached XP level 5. HP: 42/47 MP: 7/7
  1846 | D:4      | Found a blossoming altar of Fedhas.
  1909 | D:4      | XOM: swap monsters
  1940 | D:3      | Reached XP level 6. HP: 35/53 MP: 8/8
  2153 | D:3      | XOM: summons 4 hostile shadow creatures
  2325 | D:3      | XOM: torment (28/53 hp)
  2473 | D:3      | Found a broken altar of Ashenzari.
  2517 | D:4      | Found a white marble altar of Elyvilon.
  2596 | D:4      | Reached skill level 5 in Armour
  2714 | D:4      | Noticed an acid dragon
  2715 | D:4      | XOM: confusion (+ monsters)
  2735 | D:4      | XOM: confusion
  2738 | D:4      | Killed an acid dragon
  3009 | D:4      | Reached XP level 7. HP: 47/59 MP: 10/10
  3054 | D:4      | XOM: enchant monster (bad)
  3055 | D:4      | XOM: give mutations
  3055 | D:4      | Gained mutation: Your body often deteriorates upon taking
                  | damage. [Xom's mischief]
  3055 | D:4      | Gained mutation: You are frail. (-10% HP) [Xom's mischief]
  3062 | D:4      | XOM: scenery: create altars
  3063 | D:4      | XOM: cast spell 'Statue Form'
  3330 | D:4      | XOM: enchant monster (good)
  3721 | D:5      | XOM: polymorph scorpion -> centaur
  3772 | D:5      | Reached XP level 8. HP: 54/60 MP: 12/12
  4149 | D:5      | XOM: 1-stop teleportation journey
  4180 | D:5      | XOM: cast spell 'Summon Mana Viper'
  4253 | D:5      | Found a runed translucent gate.
  4253 | D:5      | Found a runed translucent gate.
  4253 | D:5      | Found a runed translucent gate.
  4258 | D:5      | Noticed bchevrier's ghost (novice GnWn)
  4258 | D:5      | Noticed Esekla's ghost (weakling OpDe)
  4275 | D:5      | XOM: god gift: potion of heal wounds
  4292 | D:5      | XOM: give mutation
  4292 | D:5      | Gained mutation: You are somewhat resistant to further
                  | mutation. [Xom's grace]
  4349 | D:5      | XOM: scenery: create altars
  4394 | D:5      | XOM: summons 2 hostile shadow creatures
  4834 | D:6      | XOM: give mutation
  4834 | D:6      | Gained mutation: Your mind is acute. (Int +4, Str/Dex -1)
                  | [Xom's grace]
  4873 | D:6      | Found a bloodstained altar of Trog.
  4973 | D:6      | XOM: potion effect (brilliance)
  5032 | D:6      | Reached XP level 9. HP: 64/65 MP: 14/14
  5046 | D:6      | XOM: give mutation
  5046 | D:6      | Lost mutation: You are somewhat resistant to further
                  | mutation. [Xom's mischief]
  5049 | D:6      | Found an ancient bone altar of Kikubaaqudgha.
  5051 | D:6      | Found Saepho's Jewellery Emporium.
  5203 | D:6      | XOM: swap monsters
  5297 | D:6      | Found a staircase to the Ecumenical Temple.
  5311 | D:6      | XOM: summons friendly crimson imp
  5358 | D:6      | XOM: noise
  5367 | D:6      | XOM: cast spell 'Metabolic Englaciation'
  5411 | D:6      | XOM: divination: detect creatures
  5414 | D:6      | Mangled by an orc warrior

Illustrated notes

Levels and vault maps discovered:
D:1:      saegor_arrival_simple_d, layout_basic, minmay_tripent
D:2:      layout_loops_ring, nicolae_shop_vocational
D:3:      layout_basic, nemelex_spade_bored_becter,
          mainiacjoe_overflow_alcove_1, mainiacjoe_overflow_brackets,
          minmay_goblin_kobold_house
D:4:      layout_basic, mainiacjoe_overflow_paths, amcnicky_altar_gilded,
          nicolae_titane
D:5:      layout_loops_ring, gammafunk_ghost_cemetery
D:6:      layout_gridville, trog_ov_bears_minmay, tgw_kikubaaqudgha,
          temple_hall, minmay_shop_enchanted_jewellery, minmay_joined_circles

Skill      XL: |  1  2  3  4  5  6  7  8  9 |
---------------+----------------------------+-----
Invocations    | 1 2 3 4 |  4.5
Short Blades   | 1 2 3 4 |  4.1
Long Blades    | 1 2 3 4 |  4.1
Maces & Flails | 1 2 3 4 |  4.1
Polearms       | 1 2 3 4 |  4.1
Staves         | 1 2 3 4 |  4.1
Ranged Weapons | 1 2 3 4 |  4.1
Throwing       | 1 2 3 4 |  4.1
Stealth        | 1 2 3 4 |  4.1
Shields        | 1 2 3 4 |  4.1
Unarmed Combat | 1 2 3 4 |  4.1
Spellcasting   | 1 2 3 4 |  4.1
Evocations     | 1 2 3 4 |  4.1
Conjurations   | 1 2 3 |  3.4
Hexes          | 1 2 3 |  3.4
Summonings     | 1 2 3 |  3.4
Necromancy     | 1 2 3 |  3.4
Translocations | 1 2 3 |  3.4
Transmutations | 1 2 3 |  3.4
Fire Magic     | 1 2 3 |  3.4
Ice Magic      | 1 2 3 |  3.4
Air Magic      | 1 2 3 |  3.4
Earth Magic    | 1 2 3 |  3.4
Poison Magic   | 1 2 3 |  3.4
Dodging        | 3 4 |  4.9
Armour         | 5 6 |  6.2
Fighting       | 7 |  7.8
Axes           | 7 |  7.8

Action                     |  1- 3 |  4- 6 |  7- 9 || total
---------------------------+-------+-------+-------++-------
  Melee: Hand axe          |    55 |       |       ||    55
         Bite              |     3 |    14 |    21 ||    38
         Trident           |    22 |   115 |   181 ||   318
         Punch             |       |     2 |       ||     2
   Fire: Sling             |    11 |    46 |   103 ||   160
  Evoke: Piece from Xom's  |       |     2 |       ||     2
    Use: Scroll            |       |       |     1 ||     1
   Stab: Sleeping          |     1 |       |       ||     1
 Armour: Leather armour    |    33 |    35 |    61 ||   129
         Skin              |       |       |     2 ||     2
  Dodge: Dodged            |    58 |    86 |   110 ||   254
  Block: Buckler           |       |    11 |    52 ||    63

Table legend: (Time is in decaauts)
 A = Elapsed time spent in this place.
 B = Non-inter-level travel time spent in this place.
 C = Inter-level travel time spent in this place.
 D = Time resting spent in this place.
 E = Time spent auto-exploring this place.
 F = Levels seen in this place.
 G = Mean time per level.
                   A        B        C        D        E       F      G
               +--------+--------+--------+--------+--------+-----+--------+
         Total |   5502 |   5372 |    130 |    393 |   3857 |   6 |  917.0 |
       Dungeon |   5502 |   5372 |    130 |    393 |   3857 |   6 |  917.0 |
               +--------+--------+--------+--------+--------+-----+--------+

Top non-repeatable levels by time:
     D:4: 1302 daAuts
     D:5: 1103 daAuts
     D:3: 952 daAuts
     D:1: 744 daAuts
     D:6: 712 daAuts
     D:2: 688 daAuts
